 Dungeon Crawl Stone Soup version 0.28-a0-1435-g82390b3a13 (webtiles) character file.

Game seed: 8713504715422654279

158 Shayle the Grasshopper (level 5, -4/43 HPs)
             Began as a Gnoll Warper on Jan 9, 2022.
             Was an Initiate of Yredelemnul.
             Killed from afar by Ijyb (25 damage)
             ... with a bolt of acid
             ... on level 3 of the Dungeon.
             The game lasted 00:06:54 (3675 turns).

Shayle the Grasshopper (Gnoll Warper)               Turns: 3675, Time: 00:06:55

Health: -4/43      AC:  5    Str: 11    XL:     5   Next: 39%
Magic:  11/12      EV: 12    Int: 12    God:    Yredelemnul [......]
Gold:   15         SH:  0    Dex: 13    Spells: 4/14 levels left

rFire   . . .      SeeInvis .   o - +2 spear (venom)
rCold   . . .      Faith    .   (no shield)
rNeg    . . .      Spirit   .   m - +0 ring mail
rPois   .          Reflect  .   (no helmet)
rElec   .          Harm     .   (no cloak)
rCorr   .          Rampage  .   (no gloves)
Will    .....                   (no boots)
Stlth   +.........              (no amulet)
HPRegen 0.14/turn               d - ring of wizardry
MPRegen 0.13/turn               (no ring)

@: no status effects
A: fangs 1, strong nose, distributed training
a: Renounce Religion, Recall Undead Harvest


You were on level 3 of the Dungeon.
You worshipped Yredelemnul.
Yredelemnul was noncommittal.
You visited 1 branch of the dungeon, and saw 3 of its levels.

You collected 15 gold pieces.

Inventory:

Hand Weapons
 j - a +1 dagger of freezing
 o - a +2 spear of venom (weapon)
Missiles
 c - a boomerang of dispersal (quivered)
Armour
 a - a +0 leather armour
 m - a +0 ring mail (worn)
Jewellery
 d - a ring of wizardry (left hand)
Scrolls
 b - 4 scrolls of teleportation {unknown}
 f - 2 scrolls of identify {unknown}
 h - a scroll of immolation
 i - 3 scrolls of enchant weapon {unknown}
 k - a scroll of brand weapon {unknown}
 l - a scroll of enchant armour {unknown}
 p - a scroll of noise {unknown}
 r - a scroll of fear {unknown}
Potions
 g - a potion of mutation {unknown}
 n - 2 potions of flight {unknown}
 q - a potion of heal wounds {unknown}


   Skills:
 + Level 4.8 Fighting
 + Level 1.4 Short Blades
 + Level 1.4 Long Blades
 + Level 1.4 Axes
 + Level 1.4 Maces & Flails
 + Level 1.4 Polearms
 + Level 1.4 Staves
 + Level 1.4 Slings
 + Level 1.4 Bows
 + Level 1.4 Crossbows
 + Level 3.0 Throwing
 + Level 3.0 Armour
 + Level 4.8 Dodging
 + Level 1.4 Stealth
 + Level 1.4 Shields
 + Level 4.8 Unarmed Combat
 + Level 5.2 Spellcasting
 + Level 1.1 Conjurations
 + Level 1.1 Hexes
 + Level 1.1 Summonings
 + Level 1.1 Necromancy
 + Level 5.5 Translocations
 + Level 1.1 Transmutations
 + Level 1.1 Fire Magic
 + Level 1.1 Ice Magic
 + Level 1.1 Air Magic
 + Level 1.1 Earth Magic
 + Level 1.1 Poison Magic
 + Level 1.6 Invocations
 + Level 1.4 Evocations


You had 4 spell levels left.
You knew the following spells:

 Your Spells              Type           Power      Damage    Failure   Level
a - Blink                 Tloc           32%        N/A       2%          2
b - Teleport Other        Tloc           16%        N/A       6%          3
c - Manifold Assault      Tloc           16%        N/A       43%         5

Your spell library contained the following spells:

 Spells                   Type           Power      Damage    Failure   Level
 Gell's Gravitas          Tloc           16%        N/A       6%          3
 Lesser Beckoning         Tloc           16%        N/A       6%          3
 Magic Dart               Conj           20%        1d4       12%         1
 Call Imp                 Summ           5%         N/A       16%         2
 Mephitic Cloud           Conj/Pois/Air  5%         N/A       32%         3
 Iskenderun's Battlesphe  Conj           5%         2d6       95%         5
 Conjure Ball Lightning   Conj/Air       2%         3x3d6     100%        6
 Iron Shot                Conj/Erth      2%         9d2       100%        6
 Spellforged Servitor     Conj/Summ      2%         N/A       100%        7
 Discord                  Hex            2%         N/A       100%        8
 Disjunction              Tloc           8%         N/A       100%        8


Dungeon Overview and Level Annotations

Branches:
Dungeon (3/15)

Altars:
Elyvilon
Gozag
Yredelemnul

Shops:
D:3 *

Annotations:
D:3 Ijyb


Innate Abilities, Weirdness & Mutations

You have very sharp teeth.
Your uncanny sense of smell can sniff out nearby items.
Your experience applies equally to all skills.


Message History

The bolt of acid hits your goblin zombie!!
The acid corrodes your goblin zombie!
Your goblin zombie is destroyed!
The bolt of acid hits you!!
Ouch! That really hurt!
The bolt of acid hits your jackal zombie!!
Your jackal zombie is destroyed!
Your jackal zombie barely misses Ijyb.
You feel better.
The goblin hits your jackal zombie with a +0 club.
Your jackal zombie barely misses Ijyb.
Your goblin zombie hits Ijyb but does no damage.
Unknown command.
Reach: o) +2 spear (venom)
Press: ? - help, Dir - move target, f/p - Ijyb
Aim: Ijyb, wielding a +0 dagger, wearing a +0 ring mail and carrying a wand of acid (8) (ally target, about 39% to evade your +2 spear of venom)
You reach to attack!
You closely miss Ijyb.
The goblin hits your jackal zombie with a +0 club.
Ijyb completely misses your goblin zombie.
Your jackal zombie bites Ijyb but does no damage.
Reach: o) +2 spear (venom)
Press: ? - help, Dir - move target, f/p - Ijyb
Aim: Ijyb, wielding a +0 dagger, wearing a +0 ring mail and carrying a wand of acid (8) (ally target, about 39% to evade your +2 spear of venom)
You could not reach far enough!
Ijyb zaps a wand.
The bolt of acid hits your goblin zombie!
The acid corrodes your goblin zombie!
Your goblin zombie is destroyed!
The bolt of acid misses you.
The goblin closely misses your jackal zombie.
Your jackal zombie closely misses Ijyb.
Your giant cockroach zombie bites Ijyb but does no damage.
Your jackal zombie bites Ijyb but does no damage.
The goblin hits your jackal zombie with a +0 club.
Your jackal zombie is destroyed!
Ijyb closely misses you.
Your giant cockroach zombie bites Ijyb but does no damage.
You closely miss Ijyb.
Ijyb zaps a wand.
The bolt of acid hits you!!
Ouch! That really hurt!
You die...
Your body rises from the dead as a mindless zombie.

. ...#####
.##########....... ....
...#....... #..#
#..#....... #..#
#..#....... #..#
#..#.......
##+##..####..#.......
+#'##..gZ................
.......g@................
........###)#.........###
#+#..##+#...#)##......#
∆#. #..)#..#.#....# #
#..(#..#.#....#
########.#.#### ..#.#
###.#


You could see Ijyb (ally target), a goblin and a friendly giant cockroach
zombie.

Vanquished Creatures
  A scorpion zombie (D:3)
  4 gnolls (D:2)
  An adder (D:2)
  2 worms
  5 dart slugs
  6 orcs
  3 endoplasms
  4 giant cockroaches
  2 hobgoblins
  2 jackals (D:3)
  9 kobolds
  7 ball pythons
  A ball python zombie (D:3)
  3 bats
  5 frilled lizards
  5 goblins
  3 rats (D:1)
63 creatures vanquished.

Vanquished Creatures (collateral kills)
  An endoplasm (D:3)
1 creature vanquished.

Vanquished Creatures (others)
  A ball python zombie (D:3)
  A giant cockroach zombie (D:3)
  2 goblin zombies (D:3)
  2 jackal zombies (D:3)
  3 orc zombies (D:3)
  8 plants (D:3)
17 creatures vanquished.

Grand Total: 81 creatures vanquished

Notes
Turn   | Place    | Note
-------+----------+-------------------------------------------
     0 | D:1      | Shayle the Gnoll Warper began the quest for the Orb.
     0 | D:1      | Reached XP level 1. HP: 20/20 MP: 6/6
   305 | D:1      | Reached XP level 2. HP: 22/26 MP: 7/7
   991 | D:1      | Found a faded altar of an unknown god.
  1012 | D:1      | Reached XP level 3. HP: 22/31 MP: 9/9
  1165 | D:1      | Reached skill level 5 in Spellcasting
  1472 | D:2      | Reached skill level 1 in Invocations
  1478 | D:2      | Reached skill level 1 in Short Blades
  1478 | D:2      | Reached skill level 1 in Long Blades
  1478 | D:2      | Reached skill level 1 in Axes
  1478 | D:2      | Reached skill level 1 in Maces & Flails
  1478 | D:2      | Reached skill level 1 in Polearms
  1478 | D:2      | Reached skill level 1 in Staves
  1478 | D:2      | Reached skill level 1 in Slings
  1478 | D:2      | Reached skill level 1 in Bows
  1478 | D:2      | Reached skill level 1 in Crossbows
  1478 | D:2      | Reached skill level 1 in Stealth
  1478 | D:2      | Reached skill level 1 in Shields
  1478 | D:2      | Reached skill level 1 in Evocations
  1490 | D:2      | Reached XP level 4. HP: 15/38 MP: 11/11
  2712 | D:2      | Reached skill level 1 in Conjurations
  2712 | D:2      | Reached skill level 1 in Hexes
  2712 | D:2      | Reached skill level 1 in Summonings
  2712 | D:2      | Reached skill level 1 in Necromancy
  2712 | D:2      | Reached skill level 1 in Transmutations
  2712 | D:2      | Reached skill level 1 in Fire Magic
  2712 | D:2      | Reached skill level 1 in Ice Magic
  2712 | D:2      | Reached skill level 1 in Air Magic
  2712 | D:2      | Reached skill level 1 in Earth Magic
  2712 | D:2      | Reached skill level 1 in Poison Magic
  3175 | D:3      | Reached XP level 5. HP: 23/43 MP: 12/12
  3321 | D:3      | Found a basalt altar of Yredelemnul.
  3325 | D:3      | Learned a level 2 spell: Blink
  3329 | D:3      | Learned a level 3 spell: Teleport Other
  3335 | D:3      | Learned a level 5 spell: Manifold Assault
  3342 | D:3      | Became a worshipper of Yredelemnul the Dark
  3411 | D:3      | Found a white marble altar of Elyvilon.
  3426 | D:3      | Found Gozag's Platinum Reserve.
  3429 | D:3      | Found an opulent altar of Gozag.
  3613 | D:3      | Reached * piety under Yredelemnul
  3662 | D:3      | Noticed Ijyb
  3675 | D:3      | Killed from afar by Ijyb

Illustrated notes

Levels and vault maps discovered:
D:1:      dpeg_arrival_round_a, layout_loops_corners,
          hellmonk_ecumenical_altar_blasted
D:2:      layout_basic, minmay_distorted
D:3:      corexii_shack_village, layout_basic, nicolae_gozag_zags_fifth_avenue,
          lemuel_zombie_altar_yredelemnul, elyvilon_altar_1,
          nicolae_concentric_dashed_squares_wild, uniq_jessica, uniq_natasha,
          uniq_ijyb

Skill      XL: |  1  2  3  4  5 |
---------------+----------------+-----
Spellcasting   | 5 |  5.2
Invocations    | 1 |  1.6
Short Blades   | 1 |  1.4
Long Blades    | 1 |  1.4
Axes           | 1 |  1.4
Maces & Flails | 1 |  1.4
Polearms       | 1 |  1.4
Staves         | 1 |  1.4
Slings         | 1 |  1.4
Bows           | 1 |  1.4
Crossbows      | 1 |  1.4
Stealth        | 1 |  1.4
Shields        | 1 |  1.4
Evocations     | 1 |  1.4
Conjurations   | 1 |  1.1
Hexes          | 1 |  1.1
Summonings     | 1 |  1.1
Necromancy     | 1 |  1.1
Transmutations | 1 |  1.1
Fire Magic     | 1 |  1.1
Ice Magic      | 1 |  1.1
Air Magic      | 1 |  1.1
Earth Magic    | 1 |  1.1
Poison Magic   | 1 |  1.1
Throwing       | 3 |  3.0
Armour         | 3 |  3.0
Fighting       | |  4.8
Dodging        | |  4.8
Unarmed Combat | |  4.8
Translocations | |  5.5

Action                   |  1- 3 |  4- 6 || total
-------------------------+-------+-------++-------
Melee: Unarmed           |    83 |    76 ||   159
       Bite              |     6 |    16 ||    22
       Punch             |     5 |     2 ||     7
       Spear             |       |    58 ||    58
Throw: Boomerang         |     4 |       ||     4
 Cast: Blink             |       |     1 ||     1
  Use: Potion            |     3 |     1 ||     4
       Scroll            |     1 |       ||     1
 Stab: Sleeping          |     1 |       ||     1
       Distracted        |       |     1 ||     1
Armor: Leather armour    |    14 |    10 ||    24
       Ring mail         |       |    18 ||    18
Dodge: Dodged            |    43 |    83 ||   126

Table legend: (Time is in decaauts)
 A = Elapsed time spent in this place.
 B = Non-inter-level travel time spent in this place.
 C = Inter-level travel time spent in this place.
 D = Time resting spent in this place.
 E = Time spent auto-exploring this place.
 F = Levels seen in this place.
 G = Mean time per level.
                   A        B        C        D        E       F      G
               +--------+--------+--------+--------+--------+-----+--------+
         Total |   3666 |   3514 |    152 |    692 |   2177 |   3 | 1222.0 |
       Dungeon |   3666 |   3514 |    152 |    692 |   2177 |   3 | 1222.0 |
               +--------+--------+--------+--------+--------+-----+--------+

Top non-repeatable levels by time:
     D:1: 1730 daAuts
     D:2: 1375 daAuts
     D:3: 560 daAuts
